 Dungeon Crawl Stone Soup version 0.20.1-1-g8b1a95d (webtiles) character file.

6177 renl the Geomancer (level 10, -5/69 HPs)
             Began as a Pale Draconian Earth Elementalist on July 9, 2017.
             Was a Follower of Vehumet.
             Slain by an unseen horror (8 damage)
             ... on level 9 of the Dungeon.
             The game lasted 01:05:31 (7703 turns).

renl the Geomancer (DrEE)                           Turns: 7703, Time: 01:05:31

Health: -5/69      AC: 12    Str: 11    XL:     10   Next: 60%
Magic:  12/23      EV: 12    Int: 19    God:    Vehumet [*.....]
Gold:   747        SH:  0    Dex: 11    Spells: 13/28 levels left

rFire    . . .     SeeInvis .   M - staff of earth
rCold    . . .     Gourm    .   (no shield)
rNeg     . . .     Faith    .   (armour unavailable)
rPois    .         Spirit   .   (helmet restricted)
rElec    .         Reflect  .   r - +0 cloak
rCorr    .         Harm     .   L - +0 pair of gloves
MR       .....                  t - +2 pair of boots
Stlth    ++........             E - amulet of rage
Regen    0.3/turn               I - ring of wizardry (curse)
MPRegen  0.2/turn               c - ring of flight

@: no status effects
A: breathe steam, unfitting armour, cold-blooded, AC +7
a: Breathe Steam, Renounce Religion, Evoke Berserk Rage, Evoke Flight


You were on level 9 of the Dungeon.
You worshipped Vehumet.
Vehumet was aware of your devotion.
You were not hungry.

You visited 2 branches of the dungeon, and saw 10 of its levels.
You also visited: Ossuary.

You collected 747 gold pieces.

Inventory:

Hand Weapons
 e - a +1 vampiric dagger
Missiles
 b - 201 stones (quivered)
Armour
 r - a +0 cloak (worn)
 t - a +2 pair of boots (worn)
 L - a +0 pair of gloves (worn)
Magical Staves
 M - an uncursed staff of earth (weapon)
Jewellery
 c - a ring of flight (right hand)
 v - an uncursed ring of resist corrosion
 E - an amulet of rage (around neck)
 I - a cursed ring of wizardry (left hand)
Wands
 O - a wand of random effects (26/48)
Scrolls
 a - 5 scrolls of teleportation {unknown}
 f - 6 scrolls of fear {unknown}
 g - 4 scrolls of blinking {unknown}
 i - 2 scrolls of enchant armour {unknown}
 l - 5 scrolls of magic mapping {unknown}
 m - 14 scrolls of identify {unknown}
 p - 3 scrolls of recharging {unknown}
 w - a scroll of enchant weapon {unknown}
 y - 4 scrolls of remove curse {unknown}
 A - a scroll of random uselessness {unknown}
 H - a scroll of amnesia {unknown}
 P - 2 scrolls of fog {unknown}
Potions
 j - 3 potions of curing {unknown}
 k - 3 potions of brilliance {unknown}
 n - 2 potions of agility {unknown}
 q - 4 potions of heal wounds {unknown}
 u - 2 potions of might {unknown}
 x - 2 potions of berserk rage {unknown}
 z - a potion of flight {unknown}
 B - a potion of haste {unknown}
 C - a potion of degeneration {unknown}
 D - 2 potions of lignification {unknown}
 F - 2 potions of magic {unknown}
 G - a potion of ambrosia {unknown}
 K - a potion of cancellation {unknown}
Books
 d - a book of Geomancy

   Spells                             Type                      Level
   a - Sandblast                      Earth                        1
   b - Passwall                       Transmutation/Earth          2
   c - Stone Arrow                    Conjuration/Earth            3
   d - Petrify                        Transmutation/Earth          4
   e - Lee's Rapid Deconstruction     Earth                        5
 J - a book of Power

   Spells                             Type                      Level
   a - Iskenderun's Battlesphere      Conjuration/Charms           5
   b - Venom Bolt                     Conjuration/Poison           5
   c - Bolt of Magma                  Conjuration/Fire/Earth       5
   d - Iron Shot                      Conjuration/Earth            6
   e - Orb of Destruction             Conjuration                  7
   f - Spellforged Servitor           Conjuration/Summoning        7
 N - a Young Poisoner's Handbook

   Spells                             Type                      Level
   a - Sting                          Conjuration/Poison           1
   b - Poisonous Vapours              Poison/Air                   2
   c - Mephitic Cloud                 Conjuration/Poison/Air       3
   d - Olgreb's Toxic Radiance        Poison                       4
   e - Venom Bolt                     Conjuration/Poison           5
Comestibles
 h - 3 meat rations
 o - 5 bread rations
 s - 6 royal jellies
 Q - 14 chunks of flesh


   Skills:
 - Level 1.7 Dodging
 - Level 1.7 Stealth
 + Level 9.6 Spellcasting
 * Level 7.4 Conjurations
 + Level 2.2 Transmutations
 + Level 10.1 Earth Magic
 + Level 1.2 Evocations


You had 13 spell levels left.
You knew the following spells:

 Your Spells              Type           Power        Failure   Level  Hunger
a - Sandblast             Erth           ######       1%          1    None
b - Stone Arrow           Conj/Erth      ######       1%          3    None
c - Lee's Rapid Deconstr  Erth           ######....   1%          5    #####..
d - Passwall              Tmut/Erth      #####.....   1%          2    None
e - Petrify               Tmut/Erth      #####...     2%          4    ###....


Dungeon Overview and Level Annotations

Branches:
Dungeon (9/15)             Temple (1/1) D:7            Lair (0/6) D:8
    Orc: D:9-12

Altars:
Ashenzari
Cheibriados
Dithmenos
Elyvilon
Fedhas
Gozag
Hepliaklqana
Kikubaaqudgha
Makhleb
Nemelex Xobeh
Okawaru
Ru
Sif Muna
Trog
Uskayaw
Vehumet
Xom
Yredelemnul
Zin
The Shining One
Beogh
Lugonu

Shops:
D:7 =

Annotations:
D:7 Buffagor's ghost, novice MiBe
D:9 1 transporter


Innate Abilities, Weirdness & Mutations

You can breathe blasts of scalding, opaque steam.
Your pale cyan-grey scales are hard. (AC +7)
You cannot fit into any form of body armour.
You are cold-blooded and may be slowed by cold attacks.


Message History

Something hits you.
Deactivating autopickup; reactivate with Ctrl-A.
The green ugly thing basks in the mutagenic energy from its kin and changes!
A small abomination comes into view.
You hit the small abomination but do no damage.
Something hits you but does no damage.
The small abomination hits you but does no damage.
The red ugly thing bites you but does no damage.
Something hits you but does no damage.
The small abomination hits you but does no damage.
The small abomination hits you! The red ugly thing tail-slaps you!
You are engulfed in flames!
The red ugly thing basks in the mutagenic energy from its kin and changes!
The small abomination hits you!!
* * * LOW HITPOINT WARNING * * *
You see here 9 gold pieces.
You barely miss something.
Your tail-slap misses something.
Something hits you!
* * * LOW HITPOINT WARNING * * *
Something hits you!
You die...

..# #. #### ..#
#.###..## .# ).#
#.##....# ##.. ..#
#.##....## #..# #.#
#.###....###.x.# #.#
#.#####.......# #.#
#..#####.$(u.#### #.#
#..©.###uux:.###.
#.######..#####x@ux.####
.........## #.x.x...#
.........# #...###...#
.........# #..## #..#
........)# .©## ##..
.........###. .#
.........# # ..........#
#########..


You could see 4 ugly things and 6 small abominations.

Vanquished Creatures
  Erica (D:8)
  3 slime creatures (D:8)
  A hippogriff (D:7)
  A spriggan (D:7)
  Grum (D:9)
  The ghost of morik the Poker, an amateur BaFi (D:3)
  A water moccasin (D:6)
  Duvessa (D:7)
  3 ice beasts
  2 orc warriors
  4 ogres
  3 centaurs
  2 wolves (D:9)
  A crocodile (D:7)
  A phantom (D:5)
  4 bullfrogs
  Dowan (D:7)
  A wyvern skeleton (D:6)
  6 killer bees (D:8)
  3 wights (D:7)
  A howler monkey (D:4)
  2 bullfrog zombies (D:6)
  5 crimson imps
  8 orc priests
  A gnoll shaman (D:6)
  A bullfrog skeleton (D:8)
  A centaur skeleton (D:5)
  8 hounds
  11 orc wizards
  2 iguanas
  8 worker ants
  A big kobold zombie (Ossuary)
  A hound skeleton (D:5)
  8 mummies (Ossuary)
  17 adders
  4 gnolls (D:6)
  An adder zombie (D:7)
  An adder skeleton (D:5)
  2 worms
  5 dart slugs
  5 leopard geckos
  24 orcs
  3 ball pythons
  7 giant cockroaches
  2 gnoll zombies (Ossuary)
  10 goblins
  9 hobgoblins
  8 jackals
  9 kobolds
  5 quokkas
  5 bats
  4 frilled lizards
  A hobgoblin zombie (Ossuary)
  A kobold zombie (Ossuary)
  3 orc zombies (Ossuary)
  6 rats
231 creatures vanquished.

Vanquished Creatures (others)
  A plant (D:4)
1 creature vanquished.

Grand Total: 232 creatures vanquished

Notes
Turn   | Place    | Note
-------+----------+-------------------------------------------
     0 | D:1      | renl the Draconian Earth Elementalist began the quest for the Orb.
     0 | D:1      | Reached XP level 1. HP: 14/14 MP: 3/3
    78 | D:1      | Reached XP level 2. HP: 20/20 MP: 0/5
   375 | D:1      | Reached XP level 3. HP: 24/26 MP: 4/6
   635 | D:2      | Found a glowing golden altar of the Shining One.
   637 | D:2      | Found a glowing silver altar of Zin.
   638 | D:2      | Found a white marble altar of Elyvilon.
   703 | D:2      | Found a shattered altar of Ashenzari.
   750 | D:2      | Reached skill level 4 in Earth Magic
   943 | D:2      | Learned a level 3 spell: Stone Arrow
   974 | D:2      | Reached XP level 4. HP: 30/33 MP: 4/8
  1072 | D:2      | Found a snail-covered altar of Cheibriados.
  1567 | D:3      | Noticed morik's ghost (amateur BaFi)
  1776 | D:3      | Killed morik's ghost
  1776 | D:3      | Reached XP level 5. HP: 38/38 MP: 0/11
  1862 | D:3      | Reached skill level 5 in Earth Magic
  1919 | D:3      | Found a hide-covered altar of Uskayaw.
  1983 | D:2      | Reached skill level 1 in Conjurations
  2343 | D:3      | Reached XP level 6. HP: 45/45 MP: 6/12
  2654 | D:3      | Learned a level 5 spell: Lee's Rapid Deconstruction
  2657 | D:3      | Learned a level 2 spell: Passwall
  3201 | D:4      | Found a sand-covered staircase.
  3206 | Ossuary  | Entered an ossuary
  3415 | Ossuary  | Your scales start taking on a pale cyan-grey colour.
  3415 | Ossuary  | Reached XP level 7. HP: 39/50 MP: 10/14
  3605 | D:4      | Found a roughly hewn altar of Beogh.
  3611 | D:4      | Reached skill level 5 in Spellcasting
  3611 | D:4      | Reached skill level 6 in Earth Magic
  4009 | D:5      | Entered Level 5 of the Dungeon
  4072 | D:5      | Reached XP level 8. HP: 57/57 MP: 16/16
  4118 | D:5      | Found a sparkling altar of Nemelex Xobeh.
  4219 | D:5      | Reached skill level 7 in Earth Magic
  4369 | D:5      | Learned a level 4 spell: Petrify
  4742 | D:6      | Found a shadowy altar of Dithmenos.
  4831 | D:6      | Reached XP level 9. HP: 44/62 MP: 16/20
  4892 | D:6      | Reached skill level 5 in Conjurations
  4925 | D:6      | Found a blossoming altar of Fedhas.
  4988 | D:6      | Reached skill level 8 in Earth Magic
  5151 | D:6      | Found an iron altar of Okawaru.
  5529 | D:7      | Noticed Buffagor's ghost (novice MiBe)
  5681 | D:7      | Noticed Dowan
  5682 | D:7      | Noticed Duvessa
  5688 | D:7      | Killed Duvessa
  5700 | D:7      | Killed Dowan
  5701 | D:7      | Found a shimmering altar of Xom.
  5715 | D:7      | Found a shimmering altar of Xom.
  5720 | D:7      | Found a shimmering altar of Xom.
  5720 | D:7      | Found a shimmering altar of Xom.
  5720 | D:7      | Found a shimmering altar of Xom.
  5720 | D:7      | Found a shimmering altar of Xom.
  5721 | D:7      | Found a shimmering altar of Xom.
  5788 | D:7      | Found an opulent altar of Gozag.
  5872 | D:7      | Found a staircase to the Ecumenical Temple.
  6022 | D:7      | Found Woameox's Jewellery Shop.
  6297 | Temple   | Entered the Ecumenical Temple
  6416 | Temple   | Became a worshipper of Vehumet
  6674 | D:8      | Found a staircase to the Lair.
  6755 | D:8      | Reached skill level 9 in Earth Magic
  6771 | D:8      | Noticed Erica
  6790 | D:8      | Killed Erica
  6790 | D:8      | Reached XP level 10. HP: 37/69 MP: 12/22
  6968 | D:8      | Reached skill level 1 in Evocations
  7269 | D:8      | Reached * piety under Vehumet
  7269 | D:8      | Offered knowledge of Flame Tongue by Vehumet.
  7377 | D:8      | Found a bloodstained altar of Trog.
  7378 | D:8      | Found a hide-covered altar of Uskayaw.
  7576 | D:9      | Reached skill level 10 in Earth Magic
  7608 | D:9      | Noticed Grum
  7632 | D:9      | Killed Grum
  7687 | D:9      | Found a transporter.
  7692 | D:9      | Found a corrupted altar of Lugonu.
  7696 | D:9      | Noticed a red ugly thing
  7697 | D:9      | Noticed a green ugly thing
  7698 | D:9      | Noticed a brown ugly thing
  7699 | D:9      | Found a transporter.
  7700 | D:9      | Noticed a white ugly thing
  7703 | D:9      | HP: 3/69 [something (8)]
  7703 | D:9      | Slain by an unseen horror

Skill      XL: |  1  2  3  4  5  6  7  8  9 10 |
---------------+-------------------------------+-----
Earth Magic    | 4 5 6 7 9 10 | 10.1
Spellcasting   | 4 5 7 8 9 |  9.6
Conjurations   | 1 2 3 4 6 7 |  7.4
Transmutations | 2 |  2.2
Evocations     | 1 |  1.2
Dodging        | |  1.7
Stealth        | |  1.7

Action                   |  1- 3 |  4- 6 |  7- 9 | 10-12 || total
-------------------------+-------+-------+-------+-------++-------
Melee: Dagger            |   100 |   166 |    10 |       ||   276
       Tailslap          |     9 |    16 |     4 |       ||    29
       Staff             |       |       |     3 |     2 ||     5
 Cast: Sandblast         |    21 |    34 |    14 |       ||    69
       Stone Arrow       |       |    35 |    42 |    31 ||   108
       Lee's Rapid Decon |       |       |    10 |     5 ||    15
       Petrify           |       |       |     3 |       ||     3
 Abil: Breathe Steam     |       |       |    66 |    18 ||    84
       Evoke Flight      |       |       |     3 |       ||     3
 Stab: Sleeping          |     1 |     1 |       |       ||     2
  Eat: Bread ration      |     1 |       |     1 |       ||     2
       Chunk             |     1 |    11 |    16 |     7 ||    35
Armor: Skin              |    37 |    66 |    18 |    15 ||   136
Dodge: Dodged            |    67 |   105 |    21 |    15 ||   208
